AoeStats
← chicken

Lombardia

509552996Analyzed
2v2 RM · 4d ago on Sep 27, 2026· 45m 55s· 4 players
Game mode
Random Map
Map size
Medium (4 player)
Population
200
Speed
Normal
Resources
Standard
Victory
Conquest
Starting age
Dark Age
Ending age
Imperial Age
RankedLock teamsTeams togetherTeam positionsShared explorationLock speedFull tech treeHidden civsTurbo modeCheats
Victory
Defeat
🇺🇸 Vietnamese · United States
1255
+15
🇺🇸 Mongols · United States
1255
+15
🇨🇿 Ethiopians · Czechia
1228
-15
🇵🇱 Danes · Poland
1226
-15
Harald Blåtand
6:42 Loom
9:25 Feudal Age
9:58 Double-Bit Axe
9:47 Man-at-Arms
11:52 Arson
18:03 Castle Age
18:55 Scale Mail Armor
19:27 Bow Saw
19:58 Chain Mail Armor
20:13 Squires
22:47 Gambesons
26:02 Forging
29:22 Iron Casting
29:36 Horse Collar
31:47 Gold Mining
36:48 Gold Shaft Mining
40:55 Imperial Age
38:39 Long Swordsman
39:14 Pikeman
39:30 Hamask
42:02 Two-Handed Swordsman
42:51 Champion
Diablo
7:53 Loom
10:08 Feudal Age
18:23 Fletching
21:33 Padded Archer Armor
28:14 Castle Age
28:20 Gold Mining
28:17 Double-Bit Axe
28:14 Horse Collar
28:18 Crossbowman
29:00 Bodkin Arrow
29:29 Bow Saw
36:42 Leather Archer Armor
40:21 Town Watch
41:11 Wheelbarrow
42:51 Ballistics
chicken
9:03 Feudal Age
8:34 Loom
10:36 Double-Bit Axe
23:28 Castle Age
21:47 Gold Mining
22:15 Bloodlines
22:11 Scale Barding Armor
22:16 Forging
24:35 Chain Barding Armor
24:51 Iron Casting
31:41 Wheelbarrow
31:47 Wheelbarrow
33:12 Man-at-Arms
33:56 Scale Mail Armor
34:03 Long Swordsman
36:26 Chain Mail Armor
47:44 Imperial Age
Twister
7:15 Loom
9:30 Feudal Age
10:26 Double-Bit Axe
15:07 Fletching
15:47 Padded Archer Armor
25:52 Castle Age
24:24 Gold Mining
26:20 Wheelbarrow
26:06 Crossbowman
26:51 Thumb Ring
26:42 Bodkin Arrow
28:40 Bow Saw
30:38 Leather Archer Armor
31:55 Thumb Ring
33:20 Ballistics
34:09 Hand Cart
41:43 Imperial Age
41:45 Arbalester
42:53 Bracer
43:24 Ring Archer Armor
45:16 Chemistry
Connection lost

Rejoining the realm…

Still unreachable

The connection could not be restored.

Session expired

The server has moved on; the page needs a fresh start.